 Dungeon Crawl Stone Soup version 0.31.0-12-g77e489cdc1 (webtiles) character file.

Game seed: 4619214094185351798

163 lordive the Ruffian (level 5, -1/37 HPs)
             Began as a Demonspawn Shapeshifter on Feb 29, 2024.
             Slain by a hound (2 damage)
             ... on level 4 of the Dungeon.
             The game lasted 00:04:43 (3263 turns).

lordive the Ruffian (Demonspawn Shapeshifter)       Turns: 3263, Time: 00:04:43

Health: -1/37      AC:  2    Str: 20    XL:     5   Next: 20%
Magic:  5/5        EV: 12    Int: 12    God:
Gold:   134        SH:  0    Dex: 13    Spells: 4/4 levels left

rFire   . .          .
                       - Unarmed
rCold   . . .        (no shield)
rNeg    . . .        a - +0 animal skin
rPois   .            (helmet currently unavailable)
rElec   .            (cloak currently unavailable)
rCorr   +            (gloves currently unavailable)
SInv    .            (boots currently unavailable)
Will    .....        (no amulet)
Stlth   +            g - +6 ring of strength
HPRegen 0.26/turn    k - ring of resist corrosion
MPRegen 0.09/turn

%: no passive effects
@: beast-form
A: beast (slay +1), hooves 1, foul stench 1, sturdy frame 1
a: Begin Untransformation


You were on level 4 of the Dungeon.
You were a hulking beast.
You visited 1 branch of the dungeon, and saw 4 of its levels.

You collected 134 gold pieces.

Inventory:

Hand Weapons
 t - the +5 falchion of Toudwen {heavy, rF+ Int+4}
   (You found it on level 3 of the Dungeon)

   Int+4:     It affects your intelligence (+4).
   rF+:       It protects you from fire.
 x - the +9 hand axe "Iskyetye" {heavy, rN+ Str+5}
   (You found it on level 4 of the Dungeon)

   Str+5:     It affects your strength (+5).
   rN+:       It protects you from negative energy.
Armour
 a - a +0 animal skin (worn)
 l - a +0 pair of boots
Jewellery
 g - a +6 ring of strength (left hand)
 k - a ring of resist corrosion (right hand)
Talismans
 c - a beast talisman
 d - a flux talisman
Scrolls
 f - a scroll of noise {unknown}
 h - a scroll of teleportation {unknown}
 j - a scroll of blinking {unknown}
 n - a scroll of amnesia {unknown}
 o - 2 scrolls of fear {unknown}
 q - a scroll of vulnerability {unknown}
 s - a scroll of immolation {unknown}
 u - a scroll of identify {unknown}
 v - a scroll of summoning {unknown}
Potions
 b - a potion of lignification
 e - a potion of berserk rage {unknown}
 i - 2 potions of cancellation {unknown}
 m - a potion of magic {unknown}
 p - a potion of resistance {unknown}
 r - a potion of brilliance {unknown}
 w - a potion of might {unknown}


   Skills:
 + Level 1.5 Fighting
 + Level 2.5 Dodging
 + Level 4.2 Unarmed Combat
 + Level 3.4 Shapeshifting


You had 4 spell levels left.
You didn't know any spells.
Your spell library was empty.

Dungeon Overview and Level Annotations

Branches:
Dungeon (4/15)
 Temple: D:4-7

Altars:
Vehumet
Xom

Shops:
D:3 [


Innate Abilities, Weirdness & Mutations

You are a hulking beast.
Your limbs bulge with bestial killing power. (Slay +1)
You have large cloven feet.
You may rarely emit foul miasma when damaged in melee.
Your movements are slightly less encumbered by armour. (ER -2)


Message History

Your demonic ancestry asserts itself...
You begin to emit a foul stench of rot and decay.
You miss the adder. The adder bites you.
You are poisoned.
The adder poisons you!
The howler monkey hoots and howls with incredible vigour!
You closely miss the adder. Your kick misses the adder.
You feel sick. The adder bites you.
* * * LOW HITPOINT WARNING * * *
The adder closely misses you.
You completely miss the adder.
You feel sick. The adder bites you.
* * * LOW HITPOINT WARNING * * *
You hit the adder. You kick the adder.
The adder is heavily wounded.
You feel sick. The adder bites you.
* * * LOW HITPOINT WARNING * * *
You emit a cloud of foul miasma!
You barely miss the adder.
The adder is heavily wounded.
You feel sick.
You are no longer poisoned.
The adder is engulfed in dark miasma.
The adder is poisoned.
The adder seems to slow down.
You kill the adder!
The kobold throws a stone.
The stone barely misses you.
A kobold is nearby!
The kobold throws a stone.
The stone closely misses you.
The kobold throws a stone.
The stone completely misses you.
The howler monkey hoots and howls with incredible vigour!
The kobold throws a stone.
The stone barely misses you.
The kobold throws a stone.
The stone closely misses you.
The howler monkey hoots and howls with incredible vigour!
A hound is nearby!
A hound is nearby!
The hound bites you.
* * * LOW HITPOINT WARNING * * *
The hound bites you.
* * * LOW HITPOINT WARNING * * *
You closely miss the hound. Your kick misses the hound. The hound bites you.
You die...

#.#.. #.#>.
#.#.# #####h#.#
#.K...#.#
#.#####.#####..
#.# #.<........
#h# ###.#######
#h# #.#
####.#####.#
#..........#
#.#.......##
#.#.......#
#.#.......#
#.#...)...#
#.#.......#
#.#.......#


You could see a hound and a kobold.

Vanquished Creatures
  An orc wizard (D:4)
  5 adders
  A gnoll (D:3)
  3 dart slugs
  A ribbon worm (D:2)
  2 orcs
  4 ball pythons
  2 endoplasms
  4 giant cockroaches
  7 goblins
  6 hobgoblins
  13 jackals
  A quokka (D:1)
  3 bats
  2 frilled lizards (D:2)
  9 kobolds
  3 rats
67 creatures vanquished.

Vanquished Creatures (others)
  An orc (D:3)
  A bat (D:3)
  An endoplasm (D:3)
  3 ball pythons (D:3)
  2 frilled lizards (D:3)
8 creatures vanquished.

Grand Total: 75 creatures vanquished

Notes
Turn   | Place    | Note
-------+----------+-------------------------------------------
     0 | D:1      | lordive the Demonspawn Shapeshifter began the quest for the
                  | Orb.
     0 | D:1      | Reached XP level 1. HP: 15/15 MP: 1/1
    48 | D:1      | Gained mutation: Your movements are slightly less
                  | encumbered by armour. (ER -2) [demonic ancestry]
    48 | D:1      | Reached XP level 2. HP: 8/21 MP: 2/2
   532 | D:1      | Found a faded altar of an unknown god.
   649 | D:1      | Reached skill level 3 in Unarmed Combat
   932 | D:2      | Gained mutation: You have large cloven feet. [demonic
                  | ancestry]
   932 | D:2      | Reached XP level 3. HP: 17/26 MP: 3/3
  1815 | D:3      | Reached XP level 4. HP: 32/32 MP: 4/4
  1851 | D:3      | Found a radiant altar of Vehumet.
  1961 | D:3      | Identified the +5 falchion of Toudwen {heavy, rF+ Int+4}
  2591 | D:3      | Reached skill level 4 in Unarmed Combat
  2718 | D:3      | Found a shimmering altar of Xom.
  2866 | D:3      | Found Nap Vogo's Antique Armour Emporium.
  3218 | D:4      | Identified the +9 hand axe "Iskyetye" {heavy, rN+ Str+5}
  3236 | D:4      | Gained mutation: You may rarely emit foul miasma when
                  | damaged in melee. [demonic ancestry]
  3236 | D:4      | Reached XP level 5. HP: 13/37 MP: 5/5
  3262 | D:4      | HP: 1/37 [hound (5)]
  3263 | D:4      | Slain by a hound

Illustrated notes

Levels and vault maps discovered:
D:1:      lightli_arrival_chessboard, layout_basic,
          hellmonk_ecumenical_altar_heavens_door
D:2:      layout_basic
D:3:      layout_loops_ring, xom_confusion_cloud, mainiacjoe_overflow_paths,
          serial_shops, nicolae_square_shop
D:4:      layout_basic, lemuel_doored_altar, minmay_ruined_shrine

Skill      XL: |  1  2  3  4 |
---------------+-------------+-----
Shapeshifting  | 3 |  3.4
Dodging        | 2 |  2.5
Unarmed Combat | 3 4 |  4.2
Fighting       | |  1.5

Action                     |  1- 3 |  4- 6 || total
---------------------------+-------+-------++-------
  Melee: Unarmed           |   127 |    68 ||   195
         Punch             |     3 |       ||     3
         Kick              |    11 |    18 ||    29
 Armour: Animal skin       |    66 |    37 ||   103
  Dodge: Dodged            |    72 |    37 ||   109
